AoeStats
← Shredded_Pork

Arena

509859071Analyzed
4v4 RM · 3d ago on Sep 28, 2026· 44m 48s· 8 players
Game mode
Random Map
Map size
Large (8 player)
Population
200
Speed
Normal
Resources
Standard
Victory
Conquest
Starting age
Dark Age
Ending age
Imperial Age
RankedLock teamsTeams togetherTeam positionsShared explorationLock speedFull tech treeHidden civsTurbo modeCheats
Victory
Defeat
🇨🇳 Byzantines · China
732
+16
🇨🇳 Mongols · China
708
+17
🇨🇳 Franks · China
701
+18
🇨🇳 Burgundians · China
695
+18
🇸🇰 Britons · Slovakia
753
-18
🇨🇳 Mongols · China
752
-18
🇨🇳 Vietnamese · China
749
-18
🇺🇦 Teutons · Ukraine
690
-15
OTZ==3
1:56 Loom
11:07 Feudal Age
17:08 Castle Age
15:56 Horse Collar
16:49 Double-Bit Axe
17:33 Stone Mining
24:48 Bow Saw
25:23 Gold Mining
29:24 Wheelbarrow
29:28 Stone Shaft Mining
31:20 Hand Cart
32:33 Fletching
32:56 Forging
33:49 Bodkin Arrow
34:31 Iron Casting
37:15 Imperial Age
34:53 Scale Barding Armor
35:06 Husbandry
35:52 Padded Archer Armor
35:26 Light Cavalry
36:44 Ballistics
36:38 Bloodlines
36:54 Chain Barding Armor
37:07 Murder Holes
37:31 Leather Archer Armor
37:35 Hussar
39:40 Bracer
40:44 Blast Furnace
41:17 Chemistry
42:06 Masonry
42:54 Scale Mail Armor
44:35 Conscription
bluetiger74
1:03 Loom
1:40 Loom
9:20 Horse Collar
9:32 Double-Bit Axe
12:10 Stone Mining
14:29 Gold Mining
16:22 Feudal Age
16:02 Gold Mining
17:42 Wheelbarrow
16:56 Town Watch
17:16 Heavy Plow
20:30 Gold Shaft Mining
20:09 Bow Saw
26:48 Castle Age
25:42 Stone Shaft Mining
25:12 Scale Mail Armor
25:03 Fletching
28:30 Two-Man Saw
28:03 Crop Rotation
27:40 Town Patrol
29:29 Bodkin Arrow
29:37 Padded Archer Armor
29:43 Scale Barding Armor
30:15 Husbandry
33:21 Hand Cart
32:46 Elite Skirmisher
33:28 Cavalier
35:22 Pikeman
37:41 Murder Holes
37:57 Fortified Wall
37:29 Treadmill Crane
41:30 Imperial Age
41:43 Imperial Age
40:45 Masonry
42:36 Burgundian Vineyards
42:36 Paladin
44:14 Ballistics
1143516068
15:03 Feudal Age
16:21 Wheelbarrow
15:37 Horse Collar
15:46 Double-Bit Axe
17:55 Stone Mining
18:01 Gold Mining
23:50 Castle Age
25:10 Heavy Plow
25:26 Bow Saw
26:10 Stone Shaft Mining
26:15 Gold Shaft Mining
26:01 Hand Cart
37:24 Imperial Age
37:53 Elite Cataphract
43:24 Elite Skirmisher
44:05 Onager
715113342
0:43 Loom
11:23 Feudal Age
19:25 Castle Age
17:52 Double-Bit Axe
20:35 Gold Mining
27:52 Stone Mining
28:38 Gold Shaft Mining
28:16 Bow Saw
32:51 Imperial Age
30:42 Pikeman
31:22 Squires
31:08 Arson
33:13 Husbandry
38:54 Cavalier
42:09 Paladin
46:14 Chemistry
Richard
0:27 Loom
11:02 Feudal Age
12:01 Double-Bit Axe
11:58 Horse Collar
19:22 Castle Age
18:03 Man-at-Arms
19:38 Long Swordsman
20:04 Gambesons
23:03 Bow Saw
22:57 Heavy Plow
23:43 Wheelbarrow
22:53 Town Watch
23:19 Gambesons
25:54 Fortified Wall
27:00 Stone Mining
28:11 Gold Mining
30:18 Gold Shaft Mining
29:58 Fletching
30:08 Padded Archer Armor
30:19 Forging
30:32 Ballistics
30:00 Pikeman
30:40 Squires
30:26 Arson
34:51 Yeomen
34:33 Bodkin Arrow
34:54 Leather Archer Armor
35:14 Iron Casting
34:40 Scale Mail Armor
34:46 Scale Barding Armor
34:54 Masonry
34:39 Murder Holes
34:35 Heated Shot
37:27 Treadmill Crane
38:12 Hand Cart
37:57 Town Patrol
38:52 Chain Mail Armor
41:44 Imperial Age
40:35 Chain Barding Armor
40:16 Caravan
42:24 Elite Longbowman
43:26 Conscription
42:36 Sappers
43:42 Hoardings
43:17 Halberdier
44:21 Bracer
Shredded_Pork
10:45 Feudal Age
11:21 Double-Bit Axe
11:20 Horse Collar
20:10 Castle Age
19:39 Stone Mining
19:39 Gold Mining
21:40 Heavy Plow
21:54 Bow Saw
22:33 Stone Shaft Mining
32:17 Imperial Age
31:18 Wheelbarrow
31:58 Ballistics
31:04 Pikeman
31:44 Squires
32:22 Loom
34:14 Hand Cart
36:02 Two-Man Saw
35:39 Crop Rotation
35:25 Scale Mail Armor
35:35 Forging
35:16 Fletching
35:26 Padded Archer Armor
35:40 Thumb Ring
38:14 Iron Casting
37:55 Chain Mail Armor
37:35 Bodkin Arrow
38:43 Chemistry
37:49 Siege Engineers
37:08 Halberdier
38:14 Paper Money
37:55 Chatras
40:16 Leather Archer Armor
怎么就违规了
9:59 Feudal Age
10:41 Double-Bit Axe
16:56 Castle Age
19:29 Bow Saw
21:21 Forging
21:20 Horse Collar
27:16 Fortified Wall
28:38 Heavy Plow
29:45 Fletching
32:54 Bloodlines
33:28 Bodkin Arrow
34:14 Iron Casting
34:20 Husbandry
34:59 Bodkin Arrow
38:07 Wheelbarrow
40:04 Imperial Age
38:31 Nomads
38:10 Light Cavalry
41:04 Bracer
43:36 Elite Mangudai
ТЁСЯ
1:06 Loom
15:47 Feudal Age
18:46 Double-Bit Axe
19:47 Stone Mining
21:30 Wheelbarrow
21:16 Gold Mining
26:02 Castle Age
24:25 Horse Collar
25:12 Forging
25:02 Scale Mail Armor
24:52 Fletching
27:40 Bodkin Arrow
27:58 Bow Saw
27:51 Heavy Plow
28:34 Arson
28:49 Squires
28:35 Gambesons
29:47 Iron Casting
29:29 Chain Mail Armor
29:48 Masonry
30:58 Ballistics
30:52 Town Watch
31:53 Hand Cart
34:04 Town Patrol
39:33 Imperial Age
41:16 Blast Furnace
40:46 Plate Mail Armor
40:06 Arrowslits
40:28 Siege Engineers
41:33 Hoardings
Connection lost

Rejoining the realm…

Still unreachable

The connection could not be restored.

Session expired

The server has moved on; the page needs a fresh start.